 Dungeon Crawl Stone Soup version 0.26-a0-712-ga5a9c9c9d0 (webtiles) character file.

Game seed: 13614337430279065284

287 Azzok the Chopper (level 6, 44/47 HPs)
             Began as a Demonspawn Berserker on Nov 7, 2020.
             Was a Priest of Trog.
             Quit the game on level 4 of the Dungeon.
             The game lasted 00:03:47 (3225 turns).

Azzok the Chopper (Demonspawn Berserker)            Turns: 3225, Time: 00:03:48

Health: 44/47      AC:  8    Str: 20    XL:     6   Next: 8%
Magic:  6/6        EV: 10    Int:  8    God:    Trog [***...]
Gold:   247        SH:  0    Dex: 12    Spells: 5/5 levels left

rFire    . . .     SeeInvis .   a - +0 hand axe
rCold    . . .     Faith    .   (no shield)
rNeg     . . .     Spirit   +   n - +0 chain mail
rPois    .         Reflect  .   (helmet restricted)
rElec    .         Harm     .   (no cloak)
rCorr    .         Rampage  .   (no gloves)
MR       .....                  (no boots)
Stlth    ..........             (no amulet)
HPRegen  0.15/turn              f - +4 ring of slaying
MPRegen  0.10/turn              c - ring of stealth

@: no status effects
A: antennae 1, repulsion field 1, powered by pain 1, magic shield
a: Berserk, Trog's Hand, Renounce Religion


You were on level 4 of the Dungeon.
You worshipped Trog.
Trog was most pleased with you.
You visited 1 branch of the dungeon, and saw 4 of its levels.

You collected 247 gold pieces.

Inventory:

Hand Weapons
 a - a +0 hand axe (weapon)
Armour
 n - a +0 chain mail (worn)
Jewellery
 c - a ring of stealth (right hand)
 f - a +4 ring of slaying (left hand)
Wands
 l - a wand of iceblast (11)
Scrolls
 d - 3 scrolls of teleportation
 e - 3 scrolls of identify
 g - 2 scrolls of remove curse
 h - a scroll of magic mapping {unknown}
 r - a scroll of immolation {unknown}
Potions
 b - 4 potions of curing {unknown}
 i - a potion of cancellation {unknown}
 j - 2 potions of lignification {unknown}
 k - a potion of degeneration {unknown}
 m - a potion of stabbing {unknown}
 o - a potion of resistance {unknown}
 p - a potion of haste {unknown}
 q - 2 potions of might {unknown}


   Skills:
 - Level 3.0 Fighting
 + Level 6.3 Axes
 - Level 1.7 Armour
 - Level 1.7 Dodging


You had 5 spell levels left.
You didn't know any spells.
Your spell library was empty.

Dungeon Overview and Level Annotations

Branches:
Dungeon (4/15)
 Temple: D:4-7

Altars:
Hepliaklqana
Okawaru
Qazlal
Sif Muna
Vehumet
Yredelemnul
The Shining One

Annotations:
D:2 2 transporters


Innate Abilities, Weirdness & Mutations

You have a pair of small antennae on your head.
You are surrounded by a mild repulsion field. (EV +2)
You sometimes gain a little power by taking damage.
When hurt, damage is shared between your health and your magic reserves.


Message History

The phantom barely misses you.
You closely miss the phantom.
The phantom is moderately damaged.
The phantom completely misses you.
You slash the phantom!
The phantom is heavily damaged.
The phantom hits you but does no damage.
You hit the phantom.
The phantom is severely damaged.
The phantom barely misses you.
You slash the phantom!
You destroy the phantom!
Trog accepts your kill.
Your Axes skill increases to level 6!
You have reached level 6!
Your experience leads to an increase in your attributes!
Increase (S)trength, (I)ntelligence, or (D)exterity?
You feel stronger.
Your demonic ancestry asserts itself...
You feel your magical essence form a protective shroud around your flesh.
Are you sure you want to abandon this character and quit the game? (Confirm with "yes".)

▒· ▒·▒ ▒▒▒▒▒ ▒▒▒▒▒▒▒
▒··· ·····▒▒·····▒▒ ▒·
·············▒▒ ▒▒
··············▒ ▒▒▒▒
··············▒ ▒▒▒···
····$··@······▒ ▒···▒▒
··············▒▒▒▒▒·▒▒▒
···············$····▒
··············▒▒▒▒▒▒▒
··················
·····▒▒·?···▒▒▒▒▒▒
▒▒▒▒▒ ▒▒▒▒▒▒▒


There were no monsters in sight!

Vanquished Creatures
  A phantom (D:4)
  A hound (D:3)
  8 adders
  An ooze (D:2)
  5 worms
  4 dart slugs (D:2)
  3 leopard geckos
  3 orcs
  9 bats
  2 giant cockroaches
  7 goblins
  5 hobgoblins
  2 jackals (D:1)
  3 quokkas
  5 ball pythons (D:3)
  5 frilled lizards
  A giant cockroach zombie (D:1)
  8 kobolds
  A leopard gecko skeleton (D:4)
  A quokka zombie (D:1)
  5 rats
80 creatures vanquished.

Notes
Turn   | Place    | Note
-------+----------+-------------------------------------------
     0 | D:1      | Azzok the Demonspawn Berserker began the quest for the Orb.
     0 | D:1      | Reached XP level 1. HP: 18/18 MP: 1/1
    48 | D:1      | Reached skill level 3 in Axes
    65 | D:1      | Gained mutation: You sometimes gain a little power by
                  | taking damage. [demonic ancestry]
    65 | D:1      | Reached XP level 2. HP: 20/24 MP: 2/2
   734 | D:1      | Gained mutation: You have a pair of small antennae on your
                  | head. [demonic ancestry]
   734 | D:1      | Reached XP level 3. HP: 26/29 MP: 3/3
  1031 | D:2      | Reached skill level 4 in Axes
  1069 | D:2      | Reached ** piety under Trog
  1407 | D:2      | Found a transporter.
  1416 | D:2      | Reached XP level 4. HP: 35/35 MP: 4/4
  1460 | D:2      | Noticed an ogre
  1463 | D:2      | Found a shimmering blue altar of Sif Muna.
  1464 | D:2      | Found a transporter.
  1528 | D:2      | Found an iron altar of Okawaru.
  1783 | D:2      | Found a glowing golden altar of the Shining One.
  2421 | D:3      | Found a stormy altar of Qazlal.
  2424 | D:3      | Found a radiant altar of Vehumet.
  2427 | D:3      | Found a basalt altar of Yredelemnul.
  2430 | D:3      | Found a hazy altar of Hepliaklqana.
  2491 | D:3      | Reached skill level 5 in Axes
  2634 | D:3      | Gained mutation: You are surrounded by a mild repulsion
                  | field. (EV +2) [demonic ancestry]
  2634 | D:3      | Reached XP level 5. HP: 39/41 MP: 5/5
  2759 | D:3      | Reached *** piety under Trog
  3210 | D:4      | Noticed a phantom
  3224 | D:4      | Killed a phantom
  3224 | D:4      | Reached skill level 6 in Axes
  3224 | D:4      | Gained mutation: When hurt, damage is shared between your
                  | health and your magic reserves. [demonic ancestry]
  3224 | D:4      | Reached XP level 6. HP: 44/47 MP: 6/6
  3225 | D:4      | Quit the game

Illustrated notes

Levels and vault maps discovered:
D:1:      saegor_arrival_fortress, layout_rooms
D:2:      layout_rooms, nicolae_overflow_crystal_walls, okawaru_gym_becter,
          gammafunk_temple_overflow_arena, minmay_cupped
D:3:      layout_rooms, grunt_temple_overflow_cloverleaf, minmay_snake_closets
D:4:      layout_rooms, fedhas_altar_fruit_tree, serial_glass, glass_columns_c,
          glass_columns_a, nicolae_ru_sacrificial_ziggurat

Skill      XL: |  1  2  3  4  5 |
---------------+----------------+-----
Axes           | 3 4 5 6 |  6.3
Fighting       | |  3.0
Armour         | |  1.7
Dodging        | |  1.7

Action                   |  1- 3 |  4- 6 || total
-------------------------+-------+-------++-------
Melee: Hand axe          |   137 |   118 ||   255
Invok: Berserk           |     2 |       ||     2
  Use: Scroll            |     4 |       ||     4
Armor: Ring mail         |    51 |     3 ||    54
       Chain mail        |       |    53 ||    53
Dodge: Dodged            |   106 |    51 ||   157

Table legend: (Time is in decaauts)
 A = Elapsed time spent in this place.
 B = Non-inter-level travel time spent in this place.
 C = Inter-level travel time spent in this place.
 D = Time resting spent in this place.
 E = Time spent auto-exploring this place.
 F = Levels seen in this place.
 G = Mean time per level.
                   A        B        C        D        E       F      G
               +--------+--------+--------+--------+--------+-----+--------+
         Total |   3263 |   3157 |    106 |    580 |   1999 |   4 |  815.8 |
       Dungeon |   3263 |   3157 |    106 |    580 |   1999 |   4 |  815.8 |
               +--------+--------+--------+--------+--------+-----+--------+

Top non-repeatable levels by time:
     D:3: 1108 daAuts
     D:1: 1028 daAuts
     D:2: 965 daAuts
     D:4: 160 daAuts
